 Dungeon Crawl Stone Soup version 0.27-a0-679-g77a6b55cf3 (webtiles) character file.

Game seed: 10001547372340413362

10874 robertstho the Frost Mage (level 11, 0/83 HPs)
             Began as a Gnoll Ice Elementalist on Mar 18, 2021.
             Was a Priest of Sif Muna.
             Slain by a shadow (21 damage)
             ... in a Gauntlet.
             The game lasted 00:26:08 (13495 turns).

robertstho the Frost Mage (Gnoll Ice Elementalist) Turns: 13495, Time: 00:26:09

Health: 0/83       AC:  7    Str:  7    XL:     11   Next: 68%
Magic:  8/32       EV: 17    Int: 17    God:    Sif Muna [***...]
Gold:   726        SH:  0    Dex: 14    Spells: 6/26 levels left

rFire    + . .     SeeInvis .   o - +1 mace (protect)
rCold    . . .     Faith    .   (no shield)
rNeg     . . .     Spirit   .   m - +1 robe {rF+}
rPois    .         Reflect  .   (no helmet)
rElec    +         Harm     .   (no cloak)
rCorr    +         Rampage  .   a - +0 pair of gloves
Will     .....     NoTele   +   y - +1 pair of boots
Stlth    ++++......             n - amulet of magic regeneration
HPRegen  1.23/turn              A - ring "Gugikk" {rElec MP+9}
MPRegen  0.48/turn              f - ring of the Swan {*Contam rCorr Slay+6}

@: no status effects
A: fangs 1, strong nose, distributed training, repulsion field 1, mutation
resistance 1, regeneration 1
a: Renounce Religion, Channel Magic, Forget Spell


You were in a Gauntlet.
You worshipped Sif Muna.
Sif Muna was most pleased with you.
You visited 3 branches of the dungeon, and saw 12 of its levels.
You also visited: Gauntlet.

You collected 726 gold pieces.

Inventory:

Hand Weapons
 c - a +1 scimitar of pain
 e - a +5 long sword of freezing
 o - a +1 mace of protection (weapon)
 q - a +2 dagger of venom
 I - a +1 scimitar of flaming
Armour
 a - a +0 pair of gloves (worn)
 m - a +1 robe of fire resistance (worn)
 y - a +1 pair of boots (worn)
 B - a +1 pair of gloves of archery
 N - a +0 troll leather armour
Jewellery
 b - the ring "Otuafix" {+Inv rC++ EV+4 Int+4 Stlth-}
   (You acquired it on level 4 of the Dungeon)

   [ring of evasion]

   It affects your evasion (+4).
   It affects your intelligence (+4).
   It greatly protects you from cold.
   It lets you turn invisible.
   It makes you less stealthy.
 f - the ring of the Swan (left hand) {*Contam rCorr Slay+6}
   (You acquired it on level 5 of the Dungeon)

   [ring of resist corrosion]

   It affects your accuracy and damage with ranged weapons and melee attacks
   (+6).
   It causes magical contamination when unequipped.
   It provides partial protection from all sources of acid and corrosion.
 n - an amulet of magic regeneration (around neck)
 A - the ring "Gugikk" (right hand) {rElec MP+9}
   (You found it in a Gauntlet)

   [ring of magical power]

   It insulates you from electricity.
   It affects your magic capacity (+9).
 M - a ring of positive energy
 P - a +6 ring of intelligence
Wands
 t - a wand of digging (4)
 v - a wand of acid (11)
 G - a wand of iceblast (9)
 H - a wand of mindburst (10)
 J - a wand of paralysis (4)
 L - a wand of random effects (42)
Scrolls
 h - 2 scrolls of enchant armour
 j - a scroll of teleportation
 k - a scroll of enchant weapon {unknown}
 r - 2 scrolls of amnesia {unknown}
 u - 2 scrolls of vulnerability {unknown}
 x - 3 scrolls of fog {unknown}
 E - a scroll of summoning {unknown}
 F - a scroll of fear
 K - a scroll of immolation {unknown}
 O - a scroll of blinking
Potions
 d - a potion of brilliance
 g - 2 potions of lignification
 i - 3 potions of curing {unknown}
 l - a potion of mutation
 p - 2 potions of ambrosia
 s - 2 potions of cancellation
 w - a potion of berserk rage
 z - 3 potions of flight
 C - 2 potions of haste
 D - 2 potions of magic


   Skills:
 + Level 6.5 Fighting
 + Level 6.5 Short Blades
 + Level 6.5 Long Blades
 + Level 6.5 Axes
 + Level 6.5 Maces & Flails
 + Level 6.5 Polearms
 + Level 6.5 Staves
 + Level 6.5 Slings
 + Level 6.5 Bows
 + Level 6.5 Crossbows
 + Level 6.5 Throwing
 + Level 6.5 Armour
 + Level 8.0 Dodging
 + Level 7.8 Stealth
 + Level 6.5 Shields
 + Level 6.5 Unarmed Combat
 + Level 8.3 Spellcasting
 + Level 5.4 Conjurations
 + Level 5.4 Hexes
 + Level 5.4 Summonings
 + Level 5.4 Necromancy
 + Level 5.4 Translocations
 + Level 5.4 Transmutations
 + Level 5.4 Fire Magic
 + Level 9.0 Ice Magic
 + Level 5.4 Air Magic
 + Level 5.4 Earth Magic
 + Level 5.4 Poison Magic
 + Level 7.1 Invocations
 + Level 6.5 Evocations


You had 6 spell levels left.
You knew the following spells:

 Your Spells              Type           Power      Damage    Failure   Level
a - Freeze                Ice            100%       1d11      1%          1
b - Frozen Ramparts       Ice            74%        1d9       1%          3
c - Ozocubu's Armour      Ice            37%        N/A       1%          3
d - Hailstorm             Conj/Ice       31%        3d8       4%          4
e - Summon Ice Beast      Ice/Summ       31%        N/A       4%          4
f - Blink                 Tloc           N/A        N/A       1%          2
g - Mephitic Cloud        Conj/Pois/Air  25%        N/A       3%          3

Your spell library contained the following spells:

 Spells                   Type           Power      Damage    Failure   Level
 Magic Dart               Conj           100%       1d8       1%          1
 Call Imp                 Summ           25%        N/A       1%          2
 Slow                     Hex            25%        N/A       1%          2
 Confusing Touch          Hex            25%        N/A       3%          3
 Conjure Flame            Conj/Fire      25%        6-21      3%          3
 Gell's Gravitas          Tloc           12%        N/A       3%          3
 Portal Projectile        Hex/Tloc       50%        N/A       3%          3
 Manifold Assault         Tloc           25%        N/A       11%         4
 Passage of Golubria      Tloc           N/A        N/A       11%         4
 Petrify                  Tmut/Erth      25%        N/A       11%         4
 Metabolic Englaciation   Hex/Ice        15%        N/A       14%         5
 Yara's Violent Unravell  Hex/Tmut       12%        3d7       30%         5
 Dispersal                Tloc           12%        N/A       86%         6
 Disjunction              Tloc           12%        N/A       100%        8


Dungeon Overview and Level Annotations

Branches:
Dungeon (10/15)            Temple (1/1) D:5            Lair (1/6) D:10
Gauntlet (1/1)
    Orc: D:9-12

Altars:
Ashenzari
Cheibriados
Dithmenos
Elyvilon
Fedhas
Gozag
Hepliaklqana
Kikubaaqudgha
Makhleb
Nemelex Xobeh
Okawaru
Qazlal
Ru
Sif Muna
Uskayaw
Vehumet
Wu Jian
Xom
Yredelemnul
Zin
The Shining One

Annotations:
Gauntlet 9 transporters, exclusion: obsidian statue


Innate Abilities, Weirdness & Mutations

You have very sharp teeth.
Your uncanny sense of smell can sniff out nearby items.
Your experience applies equally to all skills.
You are surrounded by a mild repulsion field. (EV +2)
You are somewhat resistant to further mutation.
Your natural rate of healing is unusually fast.


Message History

* * * LOW HITPOINT WARNING * * *
Your ice beast hits the shadow.
The shadow is destroyed!
Sif Muna accepts your kill.
Your icy armour will break if you move.
Continue?
Your icy armour cracks and falls away as you move.
The shadow strikes at you from the darkness!
* * * LOW HITPOINT WARNING * * *
Reactivating autopickup.
Your ice beast hits the shadow but does no damage.
Unknown command.
You swap places.
The shadow slips into darkness.
The shadow flickers and vanishes!
Deactivating autopickup; reactivate with Ctrl-A.
Unknown command.
Casting: Ozocubu's Armour (safe; 1% risk of failure)
Confirm with . or Enter, or press ? or * to list all spells.
Casting: Hailstorm (dangerous; 5% risk of failure)
Press: ? - help, Dir - look around, f - activate A cannonade of hail descends around you!
Your ice beast is unaffected.
The hail pelts something.
The shadow strikes at your ice beast from the darkness!
Reactivating autopickup.
Your ice beast hits the shadow.
Your ice beast freezes the shadow.
The shadow completely resists.
Your ice beast hits the shadow but does no damage.
Unknown command.
Casting: Hailstorm (dangerous; 5% risk of failure)
Confirm with . or Enter, or press ? or * to list all spells.
Casting: Hailstorm (dangerous; 5% risk of failure)
Press: ? - help, Dir - look around, f - activate A cannonade of hail descends around you!
Your ice beast is unaffected.
The hail pelts the shadow!
The shadow partially resists.
You destroy the shadow!
Sif Muna accepts your kill.
You start resting.
The shadow strikes at you from the darkness!
You die...

##...#[P#P.P#P.#####?###.#
#≈§..#...P..P..#...#......
##§..#.........#...#######
#≈...###########..........
##...............8.....8.. .#
##.8.....8...............
..##≈...............########
#...##...#########...##......
#....#...#YY@....#...#©######
#.©8.#...#.##.##.#######....#
##....#...##..#..##...##.####.
...©8.#.8.#©##©##.#©.©#.##.©.#
#....#...##..#..##...#†#.####
#.©8.#...#$##.##.#####.##....
#....#...#?......#...#..#####
#...##...#########...#......:
#..##≈...............########


You could see 2 friendly ice beasts.

Vanquished Creatures
  A great orb of eyes (Gauntlet)
  A two-headed ogre (D:8)
  An ugly thing (Gauntlet)
  An elephant (D:10)
  A black mamba (Lair:1)
  An efreet (D:9)
  3 komodo dragons (Lair:1)
  A troll (D:10)
  3 blink frogs (Lair:1)
  3 wraiths (D:10)
  2 shadows (Gauntlet)
  4 yaks (D:10)
  2 basilisks (D:10)
  Menkaure (D:7)
  2 nameless horrors
  3 sky beasts
  An ice beast (D:7)
  3 orc warriors
  An ogre (D:10)
  2 centaurs
  2 phantoms (D:7)
  2 kobold brigands (D:8)
  5 bullfrogs
  3 scorpions
  11 wights
  A bullfrog zombie (D:9)
  5 hounds
  2 centaur skeletons
  4 orc priests
  A bullfrog skeleton (D:9)
  A jelly (D:10)
  4 iguanas
  Ijyb (D:3)
  Natasha (thrice) (D:2)
  12 orc wizards
  6 worker ants
  2 gnolls (D:8)
  10 adders
  A shadow imp (D:6)
  3 white imps
  2 ufetubi (D:5)
  2 oozes
  An adder zombie (D:9)
  A worm (D:2)
  2 dart slugs
  8 leopard geckos
  34 orcs
  4 giant cockroaches
  14 goblins
  14 hobgoblins
  19 jackals
  17 kobolds
  5 quokkas
  A ball python (D:2)
  3 bats (D:2)
  6 frilled lizards
  A leopard gecko skeleton (D:8)
  5 rats
255 creatures vanquished.

Vanquished Creatures (collateral kills)
  Josephine (D:10)
  Harold (D:7)
  A cane toad (Lair:1)
  A komodo dragon (Lair:1)
  A troll (D:9)
  A shadow (Gauntlet)
  A wyvern (D:9)
  An acid dragon (D:10)
  2 ice beasts
  3 ogres
  A bullfrog (D:8)
  2 wights
  A quasit (D:9)
  An orc wizard (D:10)
  A worker ant (D:8)
  A hound zombie (D:5)
  3 adders
  3 orcs
  2 giant cockroaches
  2 jackals (D:3)
  A frilled lizard (D:4)
31 creatures vanquished.

Vanquished Creatures (others)
  A fungus (D:10)
  4 plants
5 creatures vanquished.

Grand Total: 291 creatures vanquished

Notes
Turn   | Place    | Note
-------+----------+-------------------------------------------
     0 | D:1      | robertstho the Gnoll Ice Elementalist began the quest for
                  | the Orb.
     0 | D:1      | Reached XP level 1. HP: 13/13 MP: 6/6
     2 | D:1      | Noticed a felid
     4 | D:1      | Noticed a naga
     4 | D:1      | Noticed a vampire
     6 | D:1      | Noticed a tengu
     6 | D:1      | Noticed a human
     8 | D:1      | Noticed an octopode
     8 | D:1      | Noticed a merfolk
    10 | D:1      | Noticed a halfling
    12 | D:1      | Noticed a draconian
    14 | D:1      | Noticed a demigod
    14 | D:1      | Noticed a gargoyle
    16 | D:1      | Noticed a spriggan
    16 | D:1      | Noticed a centaur
    18 | D:1      | Noticed a troll
    18 | D:1      | Noticed a formicid
    20 | D:1      | Noticed a minotaur
    20 | D:1      | Noticed a vine stalker
    22 | D:1      | Noticed a demonspawn
    22 | D:1      | Noticed a dwarf
    24 | D:1      | Noticed an elf
    26 | D:1      | Noticed a ghoul
    26 | D:1      | Noticed an ogre
   261 | D:1      | Reached XP level 2. HP: 18/19 MP: 5/7
   703 | D:1      | You fall into a shaft and drop 1 floor!
   938 | D:2      | Found an opulent altar of Gozag.
  1332 | D:2      | Reached XP level 3. HP: 22/25 MP: 5/9
  1335 | D:2      | Reached skill level 5 in Spellcasting
  1417 | D:2      | Learned a level 3 spell: Frozen Ramparts
  1421 | D:2      | Learned a level 3 spell: Ozocubu's Armour
  1647 | D:2      | Noticed Natasha
  1654 | D:2      | Killed Natasha
  1655 | D:2      | Reached skill level 1 in Fighting
  1655 | D:2      | Reached skill level 1 in Short Blades
  1655 | D:2      | Reached skill level 1 in Long Blades
  1655 | D:2      | Reached skill level 1 in Axes
  1655 | D:2      | Reached skill level 1 in Maces & Flails
  1655 | D:2      | Reached skill level 1 in Polearms
  1655 | D:2      | Reached skill level 1 in Staves
  1655 | D:2      | Reached skill level 1 in Slings
  1655 | D:2      | Reached skill level 1 in Bows
  1655 | D:2      | Reached skill level 1 in Crossbows
  1655 | D:2      | Reached skill level 1 in Throwing
  1655 | D:2      | Reached skill level 1 in Armour
  1655 | D:2      | Reached skill level 1 in Shields
  1655 | D:2      | Reached skill level 1 in Unarmed Combat
  1655 | D:2      | Reached skill level 1 in Invocations
  1655 | D:2      | Reached skill level 1 in Evocations
  1655 | D:2      | Reached XP level 4. HP: 14/32 MP: 6/11
  1742 | D:2      | Noticed Natasha
  1761 | D:2      | Killed Natasha
  2026 | D:2      | Reached skill level 1 in Conjurations
  2026 | D:2      | Reached skill level 1 in Hexes
  2026 | D:2      | Reached skill level 1 in Summonings
  2026 | D:2      | Reached skill level 1 in Necromancy
  2026 | D:2      | Reached skill level 1 in Translocations
  2026 | D:2      | Reached skill level 1 in Transmutations
  2026 | D:2      | Reached skill level 1 in Fire Magic
  2026 | D:2      | Reached skill level 1 in Air Magic
  2026 | D:2      | Reached skill level 1 in Earth Magic
  2026 | D:2      | Reached skill level 1 in Poison Magic
  2260 | D:2      | Noticed Natasha
  2268 | D:2      | Killed Natasha
  2269 | D:2      | Reached XP level 5. HP: 11/37 MP: 5/12
  2953 | D:2      | Found a faded altar of an unknown god.
  3506 | D:3      | HP: 1/38 [goblin/stone (3)]
  3830 | D:3      | Reached XP level 6. HP: 30/44 MP: 7/13
  4066 | D:3      | Found a radiant altar of Vehumet.
  4099 | D:3      | Found an iron altar of Okawaru.
  4115 | D:3      | Found a basalt altar of Yredelemnul.
  4155 | D:3      | Learned a level 4 spell: Hailstorm
  4160 | D:3      | Learned a level 4 spell: Summon Ice Beast
  4558 | D:3      | Noticed Ijyb
  4572 | D:3      | Killed Ijyb
  5180 | D:3      | Found a shimmering altar of Xom.
  5462 | D:4      | Reached skill level 5 in Dodging
  6239 | D:4      | Reached XP level 7. HP: 44/50 MP: 11/15
  6350 | D:4      | Identified a scroll of acquirement
  6350 | D:4      | Acquired the ring "Otuafix" {+Inv rC++ EV+4 Int+4 Stlth-}
  6910 | D:4      | Found a glowing golden altar of the Shining One.
  6933 | D:4      | Noticed a nameless horror
  6938 | D:4      | Gained mutation: You are surrounded by a mild repulsion
                  | field. (EV +2) [potion of mutation]
  6938 | D:4      | Gained mutation: You are somewhat resistant to further
                  | mutation. [potion of mutation]
  6938 | D:4      | Gained mutation: Your natural rate of healing is unusually
                  | fast. [potion of mutation]
  6939 | D:4      | Killed a nameless horror
  6940 | D:4      | Reached skill level 5 in Stealth
  7122 | D:5      | Entered Level 5 of the Dungeon
  7259 | D:5      | Found a hide-covered altar of Uskayaw.
  7259 | D:5      | Found a glowing silver altar of Zin.
  7259 | D:5      | You fall into a shaft and drop 1 floor!
  7264 | D:6      | Found a sacrificial altar of Ru.
  7375 | D:6      | Found a blossoming altar of Fedhas.
  7545 | D:6      | Reached XP level 8. HP: 54/57 MP: 16/16
  8236 | D:5      | Found a staircase to the Ecumenical Temple.
  8260 | Temple   | Entered the Ecumenical Temple
  8327 | Temple   | Became a worshipper of Sif Muna the Loreminder
  8346 | D:5      | Acquired the ring of the Swan {*Contam rCorr Slay+6}
  8411 | D:5      | Found a sacrificial altar of Ru.
  8453 | D:5      | Found an opulent altar of Gozag.
  8455 | D:5      | Found an ancient bone altar of Kikubaaqudgha.
  8457 | D:5      | Found a shadowy altar of Dithmenos.
  8889 | D:7      | Reached XP level 9. HP: 65/65 MP: 8/18
  8973 | D:7      | Noticed Menkaure
  8983 | D:7      | Killed Menkaure
  9127 | D:7      | Found a white marble altar of Elyvilon.
  9234 | D:7      | Reached skill level 8 in Ice Magic
  9319 | D:7      | Noticed Harold
  9371 | D:6      | Learned a level 2 spell: Blink
  9375 | D:6      | Learned a level 3 spell: Mephitic Cloud
  9535 | D:7      | Killed Harold
  9615 | D:8      | Reached * piety under Sif Muna
  9662 | D:8      | Reached skill level 5 in Invocations
  9983 | D:8      | Reached XP level 10. HP: 73/73 MP: 9/20
  9986 | D:8      | Noticed a two-headed ogre
  9997 | D:8      | Killed a two-headed ogre
  9998 | D:8      | Reached skill level 5 in Fighting
  9998 | D:8      | Reached skill level 5 in Short Blades
  9998 | D:8      | Reached skill level 5 in Long Blades
  9998 | D:8      | Reached skill level 5 in Axes
  9998 | D:8      | Reached skill level 5 in Maces & Flails
  9998 | D:8      | Reached skill level 5 in Polearms
  9998 | D:8      | Reached skill level 5 in Staves
  9998 | D:8      | Reached skill level 5 in Slings
  9998 | D:8      | Reached skill level 5 in Bows
  9998 | D:8      | Reached skill level 5 in Crossbows
  9998 | D:8      | Reached skill level 5 in Throwing
  9998 | D:8      | Reached skill level 5 in Armour
  9998 | D:8      | Reached skill level 5 in Shields
  9998 | D:8      | Reached skill level 5 in Unarmed Combat
  9998 | D:8      | Reached skill level 5 in Evocations
 10126 | D:8      | Reached ** piety under Sif Muna
 11509 | D:10     | Entered Level 10 of the Dungeon
 11928 | D:10     | Noticed Josephine
 11939 | D:10     | Killed Josephine
 12179 | D:10     | Noticed an elephant
 12180 | D:10     | Found a staircase to the Lair.
 12225 | D:10     | Killed an elephant
 12226 | D:10     | Reached XP level 11. HP: 75/81 MP: 2/22
 12788 | D:10     | Noticed a death knight
 12791 | D:10     | Noticed a cyclops
 12793 | D:10     | Reached skill level 5 in Conjurations
 12793 | D:10     | Reached skill level 5 in Hexes
 12793 | D:10     | Reached skill level 5 in Summonings
 12793 | D:10     | Reached skill level 5 in Necromancy
 12793 | D:10     | Reached skill level 5 in Translocations
 12793 | D:10     | Reached skill level 5 in Transmutations
 12793 | D:10     | Reached skill level 5 in Fire Magic
 12793 | D:10     | Reached skill level 5 in Air Magic
 12793 | D:10     | Reached skill level 5 in Earth Magic
 12793 | D:10     | Reached skill level 5 in Poison Magic
 12967 | Lair:1   | Entered Level 1 of the Lair of Beasts
 12974 | Lair:1   | Found a gate leading to a gauntlet.
 12995 | Lair:1   | Noticed a six-headed hydra
 12996 | Gauntlet | Entered a Gauntlet
 12996 | Gauntlet | Found a transporter.
 12996 | Gauntlet | Noticed a great orb of eyes
 13022 | Gauntlet | Noticed a red ugly thing
 13047 | Gauntlet | Found a transporter.
 13063 | Gauntlet | Found a transporter.
 13067 | Gauntlet | Found a transporter.
 13076 | Gauntlet | Noticed an obsidian statue
 13077 | Gauntlet | Found a transporter.
 13097 | Gauntlet | Found a transporter.
 13100 | Gauntlet | Found a transporter.
 13104 | Gauntlet | Found a transporter.
 13127 | Gauntlet | Noticed a wretched star
 13131 | Gauntlet | Found a transporter.
 13148 | Gauntlet | Found a transporter.
 13152 | Gauntlet | Found a transporter.
 13160 | Gauntlet | Found a transporter.
 13262 | Gauntlet | Killed a great orb of eyes
 13263 | Gauntlet | Reached skill level 9 in Ice Magic
 13359 | Gauntlet | Killed a red ugly thing
 13371 | Gauntlet | Identified the ring "Gugikk" {rElec MP+9}
 13471 | Gauntlet | Reached *** piety under Sif Muna
 13495 | Gauntlet | Slain by a shadow

Illustrated notes

Levels and vault maps discovered:
D:1:      kb_arrival_jail, layout_loops_corners
D:2:      layout_basic, chequers_ecumenical_altar_island, chequers_mini_garden,
          minmay_misc_feat_x, grunt_gozag_breadcrumbs, uniq_natasha
D:3:      kennysheep_goblin_castle, layout_rooms, lemuel_doored_altar,
          grunt_temple_overflow_open, amcnicky_altar_gilded
D:4:      layout_cave_pools, kennysheep_little_box
D:5:      layout_rooms, nicolae_ru_the_path_less_chosen,
          chequers_temple_overflow_minitemple, minmay_temple_entry_butterflies
D:6:      layout_loops_ring, fedhas_ov_isle_minmay, basic_altar
D:7:      layout_cave_pools, elyvilon_altar_1, serial_bayou_pond_d,
          grunt_ministairs_11, corexii_hall_statues_x, uniq_harold,
          uniq_menkaure
D:8:      corexii_shantytown, layout_cave_pools
D:9:      layout_gridville, grunt_ministairs_14
D:10:     minmay_slanted_spiral_squares, layout_layer_cave, david_lair_generic,
          uniq_josephine
Temple:   zaba_magenta_temple
Lair:1:   layout_small_grid, gauntlet_entry_generic, beast_lair_carwin_10,
          serial_bayou_shore_a, minmay_lair_oklob_chamber, lemuel_fruit_tree
Gauntlet: minmay_gauntlet_mixed_oops_all_seconds [minmay_gauntlet_arena_77_fan,
          gammafunk_gauntlet_arena_spirals,
          minmay_gauntlet_arena_77_block_sizes, nicolae_gauntlet_arena_grate_2,
          minmay_gauntlet_arena_77_braids, gammafunk_gauntlet_arena_hedges,
          gauntlet_exit_spiral]

Skill      XL: |  1  2  3  4  5  6  7  8  9 10 11 |
---------------+----------------------------------+-----
Spellcasting   | 5 6 7 8 |  8.3
Fighting       | 1 2 3 4 5 6 |  6.5
Short Blades   | 1 2 3 4 5 6 |  6.5
Long Blades    | 1 2 3 4 5 6 |  6.5
Axes           | 1 2 3 4 5 6 |  6.5
Maces & Flails | 1 2 3 4 5 6 |  6.5
Polearms       | 1 2 3 4 5 6 |  6.5
Staves         | 1 2 3 4 5 6 |  6.5
Slings         | 1 2 3 4 5 6 |  6.5
Bows           | 1 2 3 4 5 6 |  6.5
Crossbows      | 1 2 3 4 5 6 |  6.5
Throwing       | 1 2 3 4 5 6 |  6.5
Armour         | 1 2 3 4 5 6 |  6.5
Shields        | 1 2 3 4 5 6 |  6.5
Unarmed Combat | 1 2 3 4 5 6 |  6.5
Invocations    | 1 2 3 4 5 6 7 |  7.1
Evocations     | 1 2 3 4 5 6 |  6.5
Conjurations   | 1 2 3 4 5 |  5.4
Hexes          | 1 2 3 4 5 |  5.4
Summonings     | 1 2 3 4 5 |  5.4
Necromancy     | 1 2 3 4 5 |  5.4
Translocations | 1 2 3 4 5 |  5.4
Transmutations | 1 2 3 4 5 |  5.4
Fire Magic     | 1 2 3 4 5 |  5.4
Air Magic      | 1 2 3 4 5 |  5.4
Earth Magic    | 1 2 3 4 5 |  5.4
Poison Magic   | 1 2 3 4 5 |  5.4
Dodging        | 5 6 7 8 |  8.0
Stealth        | 5 6 7 |  7.8
Ice Magic      | 8 9 |  9.0

Action                   |  1- 3 |  4- 6 |  7- 9 | 10-12 || total
-------------------------+-------+-------+-------+-------++-------
Melee: Unarmed           |    47 |    17 |       |       ||    64
       Bite              |     3 |    12 |    27 |    18 ||    60
       Rapier            |       |    15 |       |       ||    15
       Punch             |       |     1 |     3 |     1 ||     5
       Falchion          |       |    62 |    15 |       ||    77
       Dagger            |       |       |    59 |       ||    59
       Mace              |       |       |   197 |   178 ||   375
 Cast: Freeze            |    31 |    15 |       |     3 ||    49
       Frozen Ramparts   |     5 |    23 |    15 |    14 ||    57
       Summon Ice Beast  |       |     3 |    21 |    47 ||    71
       Hailstorm         |       |     2 |    14 |    32 ||    48
       Ozocubu's Armour  |       |     2 |     4 |     7 ||    13
Invok: Channel Magic     |       |       |       |     2 ||     2
  Use: Scroll            |       |       |    13 |     4 ||    17
       Potion            |       |       |     6 |     2 ||     8
 Stab: Sleeping          |     6 |     4 |     7 |     5 ||    22
       Distracted        |       |       |     2 |     1 ||     3
Armor: Robe              |    11 |    15 |    54 |    63 ||   143
Dodge: Dodged            |    47 |   128 |   313 |   244 ||   732
       Rpst.: Falchion   |       |    26 |     2 |       ||    28

Table legend: (Time is in decaauts)
 A = Elapsed time spent in this place.
 B = Non-inter-level travel time spent in this place.
 C = Inter-level travel time spent in this place.
 D = Time resting spent in this place.
 E = Time spent auto-exploring this place.
 F = Levels seen in this place.
 G = Mean time per level.
                   A        B        C        D        E       F      G
               +--------+--------+--------+--------+--------+-----+--------+
         Total |  13617 |  13270 |    347 |   2159 |   8716 |  13 | 1047.5 |
       Dungeon |  13004 |  12674 |    330 |   2057 |   8486 |  10 | 1300.4 |
        Temple |     84 |     67 |     17 |      0 |     43 |   1 |   84.0 |
          Lair |     28 |     28 |      0 |      0 |      0 |   1 |   28.0 |
      Gauntlet |    498 |    498 |      0 |    102 |    187 |   1 |  498.0 |
               +--------+--------+--------+--------+--------+-----+--------+

Top non-repeatable levels by time:
     D:2: 3118 daAuts
     D:3: 2130 daAuts
    D:10: 1499 daAuts
     D:4: 1221 daAuts
     D:9: 1109 daAuts
     D:7: 861 daAuts
     D:6: 844 daAuts
     D:8: 815 daAuts
     D:1: 702 daAuts
     D:5: 700 daAuts
Gauntlet: 498 daAuts
  Temple: 84 daAuts
  Lair:1: 28 daAuts
